 Dungeon Crawl Stone Soup version 0.30.1-9-gdf580d7c3d (webtiles) character file.

Game seed: 6158674521681185841

3057 ChiefBigBeans the Trooper (level 9, 0/73 HPs)
             Began as a Demonspawn Fighter on Oct 5, 2023.
             Was a Believer of Qazlal.
             Slain by a komodo dragon (22 damage)
             ... on level 8 of the Dungeon.
             The game lasted 00:18:50 (6785 turns).

ChiefBigBeans the Trooper (Demonspawn Fighter)      Turns: 6785, Time: 00:18:51

Health: 0/73       AC: 18    Str: 20    XL:     9   Next: 57%
Magic:  9/9        EV:  9    Int: 10    God:    Qazlal [**....]
Gold:   237        SH: 15    Dex: 13    Spells: 8/8 levels left

rFire   + . .        q - +4 dagger "Pendulum" {venom, +Blink}
rCold   x x .        w - +0 kite shield
rNeg    . . .        s - +0 plate armour
rPois   .            j - +2 helmet
rElec   .            x - +1 cloak
rCorr   .            (no gloves)
SInv    .            (no boots)
Will    .....        (no amulet) Stlth
                     o - ring of fire
HPRegen 0.32/turn    (no ring)
MPRegen 0.11/turn

%: no passive effects
@: agile
A: hooves 2, powered by pain 1, sharp scales 2, condensation shield, claws 1,
cold vulnerability 1, devolution 1
a: Renounce Religion, Evoke Blink, Upheaval


You were on level 8 of the Dungeon.
You worshipped Qazlal.
Qazlal was pleased with you.
You visited 1 branch of the dungeon, and saw 8 of its levels.
You also visited: Sewer.

You collected 237 gold pieces.

Inventory:

Hand Weapons
 h - a +1 sling of flaming
 q - the +4 dagger "Pendulum" (weapon) {venom, +Blink}
   (You found it on level 4 of the Dungeon)

   +Blink:    It lets you blink.
Missiles
 r - 6 boomerangs of dispersal
Armour
 j - a +2 helmet (worn)
 s - a +0 plate armour (worn)
 w - a +0 kite shield (worn)
 x - a +1 cloak (worn)
Jewellery
 o - a ring of fire (left claw)
Wands
 f - a wand of roots (20)
 t - a wand of digging (1)
 v - a wand of flame (15)
Scrolls
 a - 2 scrolls of blinking
 b - a scroll of fear
 c - a scroll of amnesia
 l - a scroll of identify
 m - 6 scrolls of teleportation
 n - a scroll of poison
 A - a scroll of fog
Potions
 d - a potion of might
 e - a potion of haste
 g - 7 potions of curing
 i - a potion of resistance
 k - 3 potions of heal wounds
 p - a potion of flight


   Skills:
 + Level 7.7 Fighting
 + Level 6.4 Short Blades
 - Level 4.9 Axes
 + Level 6.6 Ranged Weapons
 - Level 2.6 Armour
 - Level 2.6 Shields


You had 8 spell levels left.
You didn't know any spells.
Your spell library contained the following spells:

 Spells                   Type           Power      Damage    Failure   Level
 Summon Small Mammal      Summ           0%         N/A       100%        1
 Call Canine Familiar     Summ           0%         N/A       100%        3
 Gell's Gravitas          Tloc           0%         N/A       100%        3
 Summon Guardian Golem    Hex/Summ       0%         N/A       100%        3
 Teleport Other           Tloc           0%         N/A       100%        3
 Vhi's Electric Charge    Tloc/Air       0%         N/A       100%        3
 Arcjolt                  Conj/Air       0%         1d10      100%        5
 Dispersal                Tloc           0%         N/A       100%        6
 Plasma Beam              Fire/Air       0%         2x1d11    100%        6


Dungeon Overview and Level Annotations

Branches:
Dungeon (8/15)             Temple (0/1) D:5           Sewer (visited)
   Lair: D:8-11

Altars:
Dithmenos
Gozag
Kikubaaqudgha
Nemelex Xobeh
Qazlal
Ru
Trog
Xom

Shops:
D:5 *   D:7 :


Innate Abilities, Weirdness & Mutations

You have hoof-like feet.
You sometimes gain a little power by taking damage.
You are mostly covered in razor-sharp scales. (AC +2, Slay +2)
A meltable shield of frost defends you. (SH +4)
You have sharp fingernails.
You are vulnerable to cold. (rC-)
You have hidden genetic defects.


Message History

The bullfrog hits you but does no damage.
You block the komodo dragon's attack. You block the black bear's attack.
The black bear claws you but does no damage. x2
You barely miss the black bear.
The black bear is severely wounded.
You block the bullfrog's attack.
An orc comes into view. It is wielding a +0 flail.
The komodo dragon barely misses you. You block the black bear's attack. x2
The black bear claws you but does no damage.
The bullfrog hits you.
The black bear goes berserk!
You hit the bullfrog.
The bullfrog is poisoned.
Your kick misses the bullfrog.
The bullfrog is lightly wounded.
You block the bullfrog's attack.
You closely miss the bullfrog.
The bullfrog is lightly wounded.
The bullfrog is engulfed in a thunderstorm.
You kill the bullfrog!
Qazlal accepts your kill. You block the black bear's attack.
The black bear barely misses you. You block the black bear's attack.
You block the black bear's attack. x3; The komodo dragon bites you!!
You focus on the pain.
You feel agile all of a sudden.
The black bear bites you but does no damage.
The black bear closely misses you. The black bear claws you.
You see here a bullfrog corpse.
The komodo dragon closely misses you.
The black bear bites you but does no damage.
The black bear completely misses you. You block the black bear's attack.
You barely miss the komodo dragon. You kick the komodo dragon.
The komodo dragon is lightly wounded.
You kill the black bear!
Qazlal accepts your kill. The komodo dragon bites you!!
A scorpion comes into view.
You hit the komodo dragon.
The komodo dragon is poisoned.
You kick the komodo dragon!
The komodo dragon is moderately wounded.
The komodo dragon bites you!!
You die...

..........##..#
oP.........#..#
P.P...........##.
.P.s.............
.$PP.P.<.........
##..PP.........#
#...o.........#
#...P.........#
#P.P...†@.....#
...P..P.#l.......
..P.........###..
PP..........#
P.PP..####..#
.P.... ... ..###.
.##. .. .. ## .#


You could see a komodo dragon (very poisoned), a scorpion and an orc.

Vanquished Creatures
  Sigmund (D:5)
  A steam dragon (D:7)
  A water moccasin (D:5)
  A black bear (D:8)
  A sky beast (D:7)
  2 phantoms
  4 kobold brigands (Sewer)
  3 necrophages (D:7)
  2 wyvern zombies (D:7)
  2 bullfrogs
  A gnoll sergeant (D:6)
  6 scorpions
  3 wights (D:6)
  A bullfrog zombie (D:7)
  2 centaur zombies (D:7)
  A gnoll bouda (D:6)
  A human zombie (D:7)
  3 hounds
  An orc priest (D:5)
  2 jellies
  7 orc wizards
  4 iguanas
  A mummy (D:7)
  2 howler monkey zombies (D:7)
  6 adders
  16 gnolls
  4 river rats (Sewer)
  An ufetubus (D:6)
  3 worms (Sewer)
  2 dart slugs
  22 orcs
  4 ball pythons
  4 bats
  15 endoplasms
  4 giant cockroaches (D:3)
  6 goblins
  6 hobgoblins
  6 jackals
  4 kobolds
  9 quokkas
  4 frilled lizards
  9 rats
178 creatures vanquished.

Vanquished Creatures (others)
  An orc wizard (D:7)
1 creature vanquished.

Grand Total: 179 creatures vanquished

Notes
Turn   | Place    | Note
-------+----------+-------------------------------------------
     0 | D:1      | ChiefBigBeans the Demonspawn Fighter began the quest for
                  | the Orb.
     0 | D:1      | Reached XP level 1. HP: 18/18 MP: 1/1
   193 | D:1      | Gained mutation: A meltable shield of frost defends you.
                  | (SH +4) [demonic ancestry]
   193 | D:1      | Reached XP level 2. HP: 24/24 MP: 2/2
   457 | D:1      | Reached skill level 4 in Fighting
   498 | D:1      | Gained mutation: You have large cloven feet. [demonic
                  | ancestry]
   498 | D:1      | Reached XP level 3. HP: 30/30 MP: 3/3
  1401 | D:3      | Found a large runed translucent door.
  1409 | D:3      | Found a large runed translucent door.
  1413 | D:3      | Noticed a scorpion
  1424 | D:3      | Killed a scorpion
  1425 | D:3      | Gained mutation: You are partially covered in razor-sharp
                  | scales. (AC +1, Slay +1) [demonic ancestry]
  1425 | D:3      | Reached XP level 4. HP: 21/38 MP: 4/4
  1509 | D:3      | Found a shimmering altar of Xom.
  1509 | D:3      | Found a shimmering altar of Xom.
  1509 | D:3      | Found a shimmering altar of Xom.
  1509 | D:3      | Found a shimmering altar of Xom.
  1511 | D:3      | Found a shimmering altar of Xom.
  1511 | D:3      | Found a shimmering altar of Xom.
  1513 | D:3      | Found a shimmering altar of Xom.
  1667 | D:3      | Reached skill level 5 in Fighting
  1708 | D:3      | Reached XP level 5. HP: 40/44 MP: 5/5
  1717 | D:3      | Found a glowing drain.
  1722 | Sewer    | Entered a sewer
  1996 | Sewer    | Gained mutation: You have hoof-like feet. [demonic
                  | ancestry]
  1996 | Sewer    | Reached XP level 6. HP: 51/51 MP: 6/6
  2371 | Sewer    | Reached skill level 6 in Fighting
  2605 | D:3      | Gained mutation: You are weak. (Str -2) [potion of
                  | mutation]
  2605 | D:3      | Gained mutation: You have sharp fingernails. [potion of
                  | mutation]
  2605 | D:3      | Gained mutation: Your mind is acute. (Int +4, Str/Dex -1)
                  | [potion of mutation]
  2625 | D:3      | Found a sparkling altar of Nemelex Xobeh.
  2797 | D:3      | Reached XP level 7. HP: 59/59 MP: 7/7
  3204 | D:3      | Found a sacrificial altar of Ru.
  3218 | D:3      | Found a stormy altar of Qazlal.
  3236 | D:3      | Became a worshipper of Qazlal Stormbringer
  3502 | D:4      | Reached skill level 1 in Ranged Weapons
  3534 | D:4      | Found a bloodstained altar of Trog.
  3541 | D:4      | Identified the +4 dagger "Pendulum" {venom, +Blink}
  3811 | D:5      | Entered Level 5 of the Dungeon
  3847 | D:5      | Found a staircase to the Ecumenical Temple.
  3848 | D:5      | Noticed Sigmund
  3877 | D:5      | Killed Sigmund
  3930 | D:5      | Found a shadowy altar of Dithmenos.
  4039 | D:5      | Gained mutation: You are mostly covered in razor-sharp
                  | scales. (AC +2, Slay +2) [demonic ancestry]
  4039 | D:5      | Reached XP level 8. HP: 63/65 MP: 8/8
  4079 | D:5      | Found Zopsufas's General Store.
  4220 | D:5      | Reached * piety under Qazlal
  4776 | D:5      | Found an opulent altar of Gozag.
  5445 | D:6      | Reached skill level 5 in Ranged Weapons
  5512 | D:6      | Lost mutation: You are weak. (Str -2) [potion of mutation]
  5512 | D:6      | Lost mutation: Your mind is acute. (Int +4, Str/Dex -1)
                  | [potion of mutation]
  5512 | D:6      | Lost mutation: You have sharp fingernails. [potion of
                  | mutation]
  5512 | D:6      | Gained mutation: Your mind is acute. (Int +4, Str/Dex -1)
                  | [potion of mutation]
  5512 | D:6      | Gained mutation: Your body sometimes deteriorates upon
                  | taking damage. [potion of mutation]
  5677 | D:6      | Reached skill level 5 in Short Blades
  5679 | D:6      | Lost mutation: Your body sometimes deteriorates upon taking
                  | damage. [potion of mutation]
  5679 | D:6      | Lost mutation: Your mind is acute. (Int +4, Str/Dex -1)
                  | [potion of mutation]
  5679 | D:6      | Gained mutation: You have hidden genetic defects. [potion
                  | of mutation]
  5679 | D:6      | Gained mutation: You have sharp fingernails. [potion of
                  | mutation]
  5723 | D:6      | Reached ** piety under Qazlal
  5964 | D:7      | Gained mutation: You sometimes gain a little power by
                  | taking damage. [demonic ancestry]
  5964 | D:7      | Reached XP level 9. HP: 71/71 MP: 9/9
  5980 | D:7      | Found Supas's Book Boutique.
  6049 | D:7      | Gained mutation: You have terrible hidden genetic defects.
                  | [hidden defects]
  6287 | D:7      | Reached skill level 7 in Fighting
  6504 | D:7      | Found an ancient bone altar of Kikubaaqudgha.
  6556 | D:7      | Gained mutation: You are vulnerable to cold. (rC-) [hidden
                  | defects]
  6556 | D:7      | Lost mutation: You have terrible hidden genetic defects.
                  | [hidden defects expressed]
  6768 | D:8      | Noticed a komodo dragon
  6785 | D:8      | Slain by a komodo dragon

Illustrated notes

Levels and vault maps discovered:
D:1:      minmay_arrival_stone_box, layout_basic
D:2:      layout_loops_ring, serial_aquarium, aquarium_bridge_straight
          [aquarium_subvault_bridge, aquarium_subvault_balcony,
          aquarium_subvault_bridge, aquarium_subvault_balcony],
          aquarium_window_1, aquarium_window_2, aquarium_view_2e,
          aquarium_view_2g
D:3:      layout_loops_corners, nemelex_diamond_rough_becter, xom_redecorated,
          jmf_multi_god_temple2, gup_sewer_entry_bowl
D:4:      layout_gridville, bloody_trog
D:5:      layout_cave_pools, pdpol_temple_overflow_zin_treasury_gozag_greed,
          mainiacjoe_overflow_boulevard, minmay_temple_entry_overgrown,
          nicolae_wooded_promenade, uniq_sigmund
D:6:      layout_basic
D:7:      layout_rooms, lemuel_mausoleum_altar_kikubaaqudgha, serial_shops,
          nicolae_book_shop_shelving, kennysheep_generic_room_5
D:8:      layout_cave_pools, marbit_many_paths, grunt_lair_entry_orc_guard_hut,
          nrook_uturn, uniq_erica

Skill      XL: |  1  2  3  4  5  6  7  8  9 |
---------------+----------------------------+-----
Fighting       | 4 5 6 7 |  7.7
Axes           | 2 3 4 |  4.9
Ranged Weapons | 3 5 6 |  6.6
Short Blades   | 2 5 6 |  6.4
Armour         | |  2.6
Shields        | |  2.6

Action                     |  1- 3 |  4- 6 |  7- 9 || total
---------------------------+-------+-------+-------++-------
  Melee: War axe           |    57 |       |       ||    57
         Hand axe          |    27 |   167 |    17 ||   211
         Kick              |     7 |    34 |   104 ||   145
         Dagger            |       |       |   275 ||   275
         Sling             |       |       |     3 ||     3
   Fire: Sling             |       |       |   136 ||   136
    Use: Scroll            |     4 |     3 |    13 ||    20
         Potion            |     2 |     2 |     2 ||     6
 Armour: Scale mail        |    34 |    61 |    20 ||   115
         Plate armour      |       |       |   231 ||   231
  Dodge: Dodged            |    33 |    53 |    67 ||   153
  Block: Buckler           |    34 |    54 |   122 ||   210
         Kite shield       |       |       |    96 ||    96
